| TOP OF THE 1ST |
|
Marion Mets batting - Pitching for Pulaski Counts : RHP Ramon Toro
|
|
Pitching: RHP Ramon Toro
|
|
|
Batting: RHB Thomas Wallace
|
0-0: Foul Ball, location: 2F 0-1: Ball 1-1: Ground out 6-3 (Groundball, 6, EV 82.5 MPH)
|
|
Batting: LHB Ricky de la Cruz
|
0-0: Ball 1-0: Ball 2-0: Called Strike 2-1: Swinging Strike 2-2: Foul Ball, location: 2F 2-2: Foul Ball, location: 2F 2-2: Strikes out swinging
|
|
Batting: RHB Rey Quinones
|
0-0: Ball 1-0: Foul Ball, location: 2F 1-1: Called Strike 1-2: Foul Ball, location: 2F 1-2: Foul Ball, location: 2F 1-2: Ground out 4-3 (Groundball, 34, EV 88.1 MPH)
|
| Top of the 1st over - 0 runs, 0 hits, 0 errors, 0 left on base; Marion 0 - Pulaski 0 |
| BOTTOM OF THE 1ST |
|
Pulaski Counts batting - Pitching for Marion Mets : RHP Chuck Mathison
|
|
Pitching: RHP Chuck Mathison
|
|
|
Batting: RHB Eric Jones
|
0-0: Ball 1-0: Ball 2-0: Ball 3-0: Base on Balls
|
|
Batting: RHB Brett Benza
|
0-0: Ball 1-0: Ball 2-0: Ball 3-0: Base on Balls Eric Jones to second
|
|
Batting: RHB Roberto Kelly
|
0-0: Called Strike 0-1: Ball 1-1: Ball 2-1: Swinging Strike 2-2: Ball 3-2: Strikes out swinging
|
|
Batting: RHB John DiGioia
|
Pickoff Throw to Second - Error! E1 Eric Jones to third Brett Benza to second 0-0: Ball 1-0: DOUBLE (Flyball, 8RXD, EV 96.9 MPH) Eric Jones scores Brett Benza scores
|
|
Batting: SHB Steve Walker
|
0-0: Ball 1-0: Foul Ball, location: 2F 1-1: SINGLE (Groundball, 34S, EV 67.5 MPH) (infield hit) John DiGioia to third
|
|
Batting: RHB Jeffrey Ahlert
|
0-0: Ball 1-0: Called Strike 1-1: Fly out, F9 (Flyball, 9, EV 95.0 MPH) Runner from 3rd tags up, OUT at HOME! 9-2
|
| Bottom of the 1st over - 2 runs, 2 hits, 1 error, 1 left on base; Marion 0 - Pulaski 2 |
| TOP OF THE 2ND |
|
Marion Mets batting - Pitching for Pulaski Counts : RHP Ramon Toro
|
|
Batting: RHB Wayne Harrison
|
0-0: Ball 1-0: Foul Ball, location: 2F 1-1: Ground out 5-3 (Groundball, 56, EV 83.1 MPH)
|
|
Batting: LHB Lorenzo Castillo
|
0-0: Called Strike 0-1: Ball 1-1: Swinging Strike 1-2: Strikes out swinging
|
|
Batting: LHB Jeff Schulz
|
0-0: Ball 1-0: DOUBLE (Line Drive, 5D, EV 93.8 MPH)
|
|
Batting: RHB Bob Geren
|
0-0: Called Strike 0-1: Foul Ball, location: 2F 0-2: Ball 1-2: Ball 2-2: 2-RUN HOME RUN (Flyball, 7D, EV 90.6 MPH), Distance : 361 ft
|
|
Batting: SHB Sherman Webb
|
0-0: Ball 1-0: Ball 2-0: Called Strike 2-1: Ball 3-1: Base on Balls
|
|
Batting: RHB Jose Maldonado
|
0-0: Ball 1-0: Foul Ball, location: 2F Pickoff Throw to First - Out! 1-3
|
| Top of the 2nd over - 2 runs, 2 hits, 0 errors, 0 left on base; Marion 2 - Pulaski 2 |
| BOTTOM OF THE 2ND |
|
Pulaski Counts batting - Pitching for Marion Mets : RHP Chuck Mathison
|
|
Batting: RHB Elias Guzman
|
0-0: Swinging Strike 0-1: Ball 1-1: Called Strike 1-2: Fly out, F9 (Flyball, 9LM, EV 90.6 MPH)
|
|
Batting: LHB Jon Zureich
|
0-0: Fly out, F4 (Popup, 34D, EV 56.9 MPH)
|
|
Batting: RHB Dario Vasquez
|
0-0: SINGLE (Line Drive, 6D, EV 101.3 MPH)
|
|
Batting: RHB Eric Jones
|
0-0: Ball 1-0: Foul Ball, location: 2F 1-1: Foul Ball, location: 2F 1-2: SINGLE (Groundball, 56D, EV 97.5 MPH) Dario Vasquez to second
|
|
Batting: RHB Brett Benza
|
0-0: Ball 1-0: Ball 2-0: Called Strike 2-1: SINGLE (Groundball, 4MD, EV 99.4 MPH) Dario Vasquez to third Eric Jones to second Runner from 3rd tries for Home, SAFE, throw by CF to home
|
|
Batting: RHB Roberto Kelly
|
0-0: Ball 1-0: Called Strike 1-1: Ball 2-1: Ground out U3 (Groundball, 3, EV 106.9 MPH)
|
| Bottom of the 2nd over - 1 run, 3 hits, 0 errors, 2 left on base; Marion 2 - Pulaski 3 |
| TOP OF THE 3RD |
|
Marion Mets batting - Pitching for Pulaski Counts : RHP Ramon Toro
|
|
Batting: RHB Jose Maldonado
|
0-0: Called Strike 0-1: Ground out 5-3 (Groundball, 56, EV 87.5 MPH)
|
|
Batting: RHB Thomas Wallace
|
0-0: Called Strike 0-1: Reached on error, E6 (Groundball, 6, EV 90.6 MPH)
|
|
Batting: LHB Ricky de la Cruz
|
0-0: Called Strike Thomas Wallace steals 2nd base (no throw) 0-1: Foul Ball, location: 2F 0-2: Ball 1-2: Foul Ball, location: 2F 1-2: Ball Wild Pitch! Thomas Wallace to third 2-2: Strikes out swinging
|
|
Batting: RHB Rey Quinones
|
0-0: Ball 1-0: Foul Ball, location: 2F 1-1: SINGLE (Groundball, 4MD, EV 94.4 MPH) Thomas Wallace scores
|
|
Batting: RHB Wayne Harrison
|
0-0: Ball 1-0: Called Strike 1-1: Swinging Strike 1-2: Ball 2-2: Strikes out swinging
|
| Top of the 3rd over - 1 run, 1 hit, 1 error, 1 left on base; Marion 3 - Pulaski 3 |
| BOTTOM OF THE 3RD |
|
Pulaski Counts batting - Pitching for Marion Mets : RHP Chuck Mathison
|
|
Batting: RHB John DiGioia
|
0-0: Called Strike 0-1: Ball 1-1: Fly out, F6 (Flyball, 56D, EV 82.5 MPH)
|
|
Batting: SHB Steve Walker
|
0-0: Called Strike 0-1: Ball 1-1: Ball 2-1: Ball 3-1: Foul Ball, location: 2F 3-2: Foul Ball, location: 2F 3-2: Fly out, F8 (Flyball, 8LD, EV 100.0 MPH)
|
|
Batting: RHB Jeffrey Ahlert
|
0-0: Fly out, F7 (Line Drive, 7D, EV 96.9 MPH)
|
| Bottom of the 3rd over - 0 runs, 0 hits, 0 errors, 0 left on base; Marion 3 - Pulaski 3 |
| TOP OF THE 4TH |
|
Marion Mets batting - Pitching for Pulaski Counts : RHP Ramon Toro
|
|
Batting: LHB Lorenzo Castillo
|
0-0: Ball 1-0: Called Strike 1-1: Swinging Strike 1-2: Ground out 4-3 (Groundball, 34, EV 103.8 MPH)
|
|
Batting: LHB Jeff Schulz
|
0-0: Ball 1-0: Swinging Strike 1-1: Ball 2-1: Foul Ball, location: 2F 2-2: Strikes out swinging
|
|
Batting: RHB Bob Geren
|
0-0: Ball 1-0: Called Strike 1-1: Called Strike 1-2: Strikes out swinging
|
| Top of the 4th over - 0 runs, 0 hits, 0 errors, 0 left on base; Marion 3 - Pulaski 3 |
| BOTTOM OF THE 4TH |
|
Pulaski Counts batting - Pitching for Marion Mets : RHP Chuck Mathison
|
|
Batting: RHB Elias Guzman
|
0-0: Ball 1-0: Ball 2-0: Ball 3-0: Base on Balls
|
|
Batting: LHB Jon Zureich
|
0-0: Ball 1-0: Ball Wild Pitch! Elias Guzman to second 2-0: Foul Ball, location: 2F 2-1: Ball 3-1: Base on Balls
|
|
Batting: RHB Dario Vasquez
|
0-0: Foul Ball, location: 2F 0-1: Ball 1-1: Ball 2-1: Swinging Strike 2-2: Grounds into double play, 3-6-1 (Groundball, 34, EV 81.9 MPH) Elias Guzman to third
|
|
Batting: RHB Eric Jones
|
0-0: Ball Wild Pitch! Elias Guzman scores 1-0: Ball 2-0: Ball 3-0: Called Strike 3-1: Ground out 6-3 (Groundball, 6MS, EV 88.8 MPH)
|
| Bottom of the 4th over - 1 run, 0 hits, 0 errors, 0 left on base; Marion 3 - Pulaski 4 |
| TOP OF THE 5TH |
|
Marion Mets batting - Pitching for Pulaski Counts : RHP Ramon Toro
|
|
Batting: SHB Sherman Webb
|
0-0: Called Strike 0-1: Ball 1-1: Ball 2-1: Foul Ball, location: 2F 2-2: Ball 3-2: Ground out 5-3 (Groundball, 5, EV 85.6 MPH)
|
|
Batting: RHB Jose Maldonado
|
0-0: Swinging Strike 0-1: Ball 1-1: Fly out, F7 (Flyball, 7, EV 83.8 MPH)
|
|
Batting: RHB Thomas Wallace
|
0-0: SINGLE (Line Drive, 78M, EV 105.0 MPH)
|
|
Batting: LHB Ricky de la Cruz
|
0-0: Ball 1-0: Ball 2-0: SINGLE (Groundball, P, EV 87.5 MPH) (infield hit) Thomas Wallace to second
|
|
Batting: RHB Rey Quinones
|
0-0: Called Strike 0-1: Foul Ball, location: 2F 0-2: SINGLE (Line Drive, 9S, EV 103.1 MPH) Thomas Wallace to third Ricky de la Cruz to second Runner from 3rd tries for Home, SAFE, throw by RF to home
|
|
Batting: RHB Wayne Harrison
|
0-0: Ball 1-0: Ball 2-0: Ball 3-0: Called Strike 3-1: Foul Ball, location: 2F 3-2: Base on Balls Ricky de la Cruz to third Rey Quinones to second
|
|
Batting: LHB Lorenzo Castillo
|
0-0: Swinging Strike 0-1: Called Strike 0-2: Foul Ball, location: 2F 0-2: Ball 1-2: Strikes out swinging
|
| Top of the 5th over - 1 run, 3 hits, 0 errors, 3 left on base; Marion 4 - Pulaski 4 |
| BOTTOM OF THE 5TH |
|
Pulaski Counts batting - Pitching for Marion Mets : RHP Chuck Mathison
|
|
Batting: RHB Brett Benza
|
0-0: Called Strike 0-1: Foul Ball, location: 2F 0-2: Strikes out swinging
|
|
Batting: RHB Roberto Kelly
|
0-0: Ball 1-0: Ground out U3 (Groundball, 13, EV 86.9 MPH)
|
|
Batting: RHB John DiGioia
|
0-0: Ball 1-0: Ball 2-0: Ball 3-0: Base on Balls
|
|
Batting: SHB Steve Walker
|
0-0: Ball 1-0: Foul Ball, location: 2F 1-1: SINGLE (Groundball, 4M, EV 103.1 MPH) (infield hit) John DiGioia to second
|
|
Batting: RHB Jeffrey Ahlert
|
0-0: Foul Ball, location: 2F 0-1: Ball 1-1: Foul Ball, location: 2F 1-2: Foul Ball, location: 2F 1-2: Ball 2-2: Foul Ball, location: 2F 2-2: Foul Ball, location: 2F 2-2: Fly out, F9 (Line Drive, 9, EV 98.1 MPH)
|
| Bottom of the 5th over - 0 runs, 1 hit, 0 errors, 2 left on base; Marion 4 - Pulaski 4 |
| TOP OF THE 6TH |
|
Marion Mets batting - Pitching for Pulaski Counts : RHP Ramon Toro
|
|
Batting: LHB Jeff Schulz
|
0-0: Foul Ball, location: 2F 0-1: Foul Ball, location: 2F 0-2: DOUBLE (Line Drive, 78D, EV 105.0 MPH)
|
|
Batting: RHB Bob Geren
|
0-0: Ball 1-0: Ball 2-0: Foul Ball, location: 2F 2-1: Called Strike 2-2: Ball 3-2: Strikes out looking
|
|
Batting: SHB Sherman Webb
|
0-0: Ball 1-0: Foul Ball, location: 2F 1-1: Ball 2-1: Ball 3-1: Foul Ball, location: 2F 3-2: Base on Balls
|
|
Batting: RHB Jose Maldonado
|
0-0: Called Strike 0-1: Ball 1-1: Called Strike 1-2: Foul Ball, location: 2F 1-2: Ball 2-2: Strikes out swinging
|
|
Batting: RHB Thomas Wallace
|
0-0: Foul Ball, location: 2F 0-1: Ball 1-1: SINGLE (Groundball, 56D, EV 100.0 MPH) Jeff Schulz to third Sherman Webb to second Runner from 3rd tries for Home, throw by LF and OUT! 7-2
|
| Top of the 6th over - 0 runs, 2 hits, 0 errors, 2 left on base; Marion 4 - Pulaski 4 |
| BOTTOM OF THE 6TH |
|
Pulaski Counts batting - Pitching for Marion Mets : RHP Chuck Mathison
|
|
Batting: RHB Elias Guzman
|
0-0: Ball 1-0: Ball 2-0: Called Strike 2-1: Fly out, F8 (Flyball, 8RS, EV 73.1 MPH)
|
|
Batting: LHB Jon Zureich
|
0-0: Called Strike 0-1: Foul Ball, location: 2F 0-2: Foul Ball, location: 2F 0-2: Fly out, F8 (Flyball, 8RXD, EV 102.5 MPH)
|
|
Batting: RHB Dario Vasquez
|
0-0: Swinging Strike 0-1: Ball 1-1: Ball 2-1: Ball 3-1: Foul Ball, location: 2F 3-2: Fly out, F7 (Flyball, 7S, EV 88.1 MPH)
|
| Bottom of the 6th over - 0 runs, 0 hits, 0 errors, 0 left on base; Marion 4 - Pulaski 4 |
| TOP OF THE 7TH |
|
Marion Mets batting - Pitching for Pulaski Counts : RHP Ramon Toro
|
|
Batting: LHB Ricky de la Cruz
|
0-0: Ball 1-0: Ball 2-0: Ball 3-0: Base on Balls
|
|
Batting: RHB Rey Quinones
|
0-0: Fly out, F9 (Flyball, 89M, EV 74.4 MPH)
|
|
Batting: RHB Wayne Harrison
|
0-0: Ball Ricky de la Cruz is caught stealing 2nd base 2-4 1-0: Fly out, F9 (Flyball, 9D, EV 95.0 MPH)
|
| Top of the 7th over - 0 runs, 0 hits, 0 errors, 0 left on base; Marion 4 - Pulaski 4 |
| BOTTOM OF THE 7TH |
|
Pulaski Counts batting - Pitching for Marion Mets : RHP Chuck Mathison
|
|
Batting: RHB Eric Jones
|
0-0: Ball 1-0: Ball 2-0: Ball 3-0: Base on Balls
|
|
Batting: RHB Brett Benza
|
0-0: Bunted foul 0-1: Sac Bunt to 2L - play at first, batter OUT! 2-4 Eric Jones to second
|
|
Batting: RHB Roberto Kelly
|
0-0: Intentional Walk
|
|
Batting: RHB John DiGioia
|
0-0: Ball 1-0: Ball 2-0: Foul Ball, location: 2F 2-1: Ball 3-1: Foul Ball, location: 2F 3-2: Base on Balls Eric Jones to third Roberto Kelly to second
|
|
Batting: SHB Steve Walker
|
0-0: Swinging Strike 0-1: Swinging Strike 0-2: Ball 1-2: Fly out, F8 (Flyball, 8LD, EV 91.3 MPH) Runner from 3rd tags up, SCORES, no throw by CF
|
|
Batting: RHB Jeffrey Ahlert
|
0-0: Fielders Choice at 2nd, 6-4 (Groundball, 6, EV 104.4 MPH)
|
| Bottom of the 7th over - 1 run, 0 hits, 0 errors, 2 left on base; Marion 4 - Pulaski 5 |
| TOP OF THE 8TH |
|
Marion Mets batting - Pitching for Pulaski Counts : RHP Ramon Toro
|
|
Batting: LHB Lorenzo Castillo
|
0-0: Ground out 6-3 (Groundball, 6M, EV 95.0 MPH)
|
|
Batting: LHB Jeff Schulz
|
0-0: Called Strike 0-1: Ball 1-1: Called Strike 1-2: Foul Ball, location: 2F 1-2: Foul Ball, location: 2F 1-2: Strikes out swinging
|
|
Batting: RHB Bob Geren
|
0-0: Ground out 6-3 (Groundball, 56, EV 100.0 MPH)
|
| Top of the 8th over - 0 runs, 0 hits, 0 errors, 0 left on base; Marion 4 - Pulaski 5 |
| BOTTOM OF THE 8TH |
|
Pulaski Counts batting - Pitching for Marion Mets : RHP Chuck Mathison
|
|
Pitching: RHP Tim Reid
|
|
|
Batting: RHB Elias Guzman
|
0-0: Ball 1-0: Ball 2-0: Foul Ball, location: 2F 2-1: Ball 3-1: Ground out 3-1 (Groundball, 34, EV 77.5 MPH)
|
|
Batting: LHB Jon Zureich
|
0-0: Ball 1-0: Ball 2-0: Foul Ball, location: 2F 2-1: Ball 3-1: Fly out, F8 (Flyball, 8RM, EV 81.3 MPH)
|
|
Batting: RHB Dario Vasquez
|
0-0: Ball 1-0: Foul Ball, location: 2F 1-1: Fly out, F8 (Flyball, 8LD, EV 105.0 MPH)
|
| Bottom of the 8th over - 0 runs, 0 hits, 0 errors, 0 left on base; Marion 4 - Pulaski 5 |
| TOP OF THE 9TH |
|
Marion Mets batting - Pitching for Pulaski Counts : RHP Ramon Toro
|
|
Pitching: RHP Dennis Gadowski
|
|
|
Now at 2B: Darrell Baugh
|
|
|
Now at 3B: Scott Beals
|
|
|
Now in LF: Edwin Marquez
|
|
|
Pinch Hitting: LHB Victor Madden
|
0-0: Foul Ball, location: 2F 0-1: Ball 1-1: Ball 2-1: Ball 3-1: Foul Ball, location: 2F 3-2: Ground out 6-3 (Groundball, 6, EV 87.5 MPH)
|
|
Pinch Hitting: LHB Christopher Chapman
|
0-0: Ball 1-0: Ball 2-0: Foul Ball, location: 2F 2-1: SINGLE (Groundball, 56D, EV 110.6 MPH)
|
|
Batting: RHB Thomas Wallace
|
0-0: Called Strike 0-1: Ground out 4-3 (Groundball, 34S, EV 86.9 MPH) Christopher Chapman to second
|
|
Batting: LHB Ricky de la Cruz
|
0-0: Called Strike 0-1: DOUBLE (Flyball, 89D, EV 106.3 MPH) Christopher Chapman scores
|
|
Batting: RHB Rey Quinones
|
0-0: Called Strike 0-1: Foul Ball, location: 2F 0-2: Strikes out swinging
|
| Top of the 9th over - 1 run, 2 hits, 0 errors, 1 left on base; Marion 5 - Pulaski 5 |
| BOTTOM OF THE 9TH |
|
Pulaski Counts batting - Pitching for Marion Mets : RHP Tim Reid
|
|
Now at 1B: Christopher Chapman
|
|
|
Now at 2B: Miguel Corona
|
|
|
Batting: RHB Eric Jones
|
0-0: Swinging Strike 0-1: Ball 1-1: Foul Ball, location: 2F 1-2: Ball 2-2: Fly out, F9 (Line Drive, 9, EV 89.4 MPH)
|
|
Batting: RHB Brett Benza
|
0-0: Called Strike 0-1: Fly out, F8 (Flyball, 8RS, EV 85.0 MPH)
|
|
Batting: RHB Roberto Kelly
|
0-0: SINGLE (Flyball, 5D, EV 91.3 MPH)
|
|
Batting: RHB Scott Beals
|
0-0: Called Strike 0-1: Ball 1-1: Called Strike 1-2: Ball Pickoff Throw to First - Error! E1 Roberto Kelly to second 2-2: SINGLE (Groundball, 56S, EV 74.4 MPH) (infield hit) Roberto Kelly to third
|
|
Batting: RHB Darrell Baugh
|
0-0: Called Strike 0-1: Ball 1-1: Reached on error, E1 (Groundball, 13S, EV 73.1 MPH) Roberto Kelly scores
|
| Bottom of the 9th over - 1 run, 2 hits, 2 errors, 0 left on base; Marion 5 - Pulaski 6 |
|